 Dungeon Crawl Stone Soup version 0.31.0-32-g396128a36d (webtiles) character file.

Game seed: 8898974136745077208

83 TacoSundae the Slasher (level 4, -1/33 HPs)
             Began as a Demonspawn Gladiator on Apr 7, 2024.
             Slain by a cerulean imp
             ... wielding a +1 spear
             ... summoned by Natasha
              (2 damage)
             ... on level 2 of the Dungeon.
             The game lasted 00:02:32 (758 turns).

TacoSundae the Slasher (Demonspawn Gladiator)        Turns: 758, Time: 00:02:33

Health: -1/33      AC:  6    Str: 16    XL:     4   Next: 22%
Magic:  0/4        EV: 11    Int:  9    God:
Gold:   79         SH:  0    Dex: 14    Spells: 3/3 levels left

rFire   . . .        a - +0 long sword
rCold   . . .        (no shield)
rNeg    . . .        g - +0 ring mail
rPois   .            c - +0 helmet
rElec   .            (no cloak)
rCorr   .            (no gloves)
SInv    .            (no boots)
Will    .....        (no amulet)
Stlth   +            (no ring)
HPRegen 0.25/turn    (no ring)
MPRegen 0.18/turn

%: guardian spirit
@: mighty, attractive
A: magic shield, magic regeneration
a: no special abilities


You were on level 2 of the Dungeon.
You visited 1 branch of the dungeon, and saw 2 of its levels.

You collected 79 gold pieces.

Inventory:

Hand Weapons
 a - a +0 long sword (weapon)
Missiles
 d - 3 throwing nets (quivered)
 e - a javelin
Armour
 c - a +0 helmet (worn)
 g - a +0 ring mail (worn)
Jewellery
 j - a ring of ice
Scrolls
 f - 3 scrolls of identify {unknown}
 i - a scroll of vulnerability {unknown}
Potions
 b - a potion of might


   Skills:
 - Level 2.0 Fighting
 + Level 4.6 Long Blades
 - Level 1.7 Throwing
 - Level 2.6 Dodging


You had 3 spell levels left.
You didn't know any spells.
Your spell library was empty.

Dungeon Overview and Level Annotations

Branches:
Dungeon (2/15)

Altars:

Shops:
D:2 [

Annotations:
D:2 Natasha


Innate Abilities, Weirdness & Mutations

When hurt, damage is shared between your health and your magic reserves.
You regenerate magic rapidly.


Message History

The cerulean imp misses you.
You hit Natasha but do no damage.
Natasha is moderately wounded.
Natasha closely misses you.
The cerulean imp hits you from afar with a +0 spear.
Natasha misses you.
You closely miss Natasha.
Natasha is moderately wounded.
The cerulean imp barely misses you.
The cerulean imp hits you with a +1 spear.
Natasha completely misses you. The cerulean imp closely misses you.
The cerulean imp barely misses you.
You barely miss Natasha.
Natasha is moderately wounded.
The cerulean imp disappears in a puff of smoke!
Natasha barely misses you. The cerulean imp barely misses you.
Natasha claws you but does no damage.
You slash Natasha!
Natasha is almost dead.
The cerulean imp hits you but does no damage.
Natasha claws you.
* * * LOW HITPOINT WARNING * * *
The cerulean imp hits you but does no damage.
Natasha claws you.
* * * LOW HITPOINT WARNING * * *
It was a potion of might.
You feel very mighty all of a sudden.
The cerulean imp hits you with a +1 spear.
* * * LOW HITPOINT WARNING * * *
Natasha misses you. The cerulean imp closely misses you. Natasha claws you.
* * * LOW HITPOINT WARNING * * *
It was a potion of attraction.
You feel attractive to monsters.
The cerulean imp hits you but does no damage.
Natasha claws you.
You barely miss Natasha.
Natasha is almost dead.
You feel yourself speed up.
The cerulean imp hits you with a +1 spear.
You die...

#### ....
#######....
#.........
##### #.......
.....#.....#
####..#5#h..#
.....$..@...#
#..#
......#.#.#.#
#..# ##.#.
#.#.#.# #..#
.. #.#.#.#
#..####### ..
..#.#.#
#......... #.
##.#.#.#
#......... #
#.#.#.#
#.........
#.#.#.#.##.###
#.#.#.#.[....#


You could see Natasha and a cerulean imp (summoned).

Vanquished Creatures
  Natasha (D:2)
  An adder (D:2)
  A ribbon worm (D:2)
  A dart slug (D:1)
  2 endoplasms (D:1)
  6 giant cockroaches
  3 goblins (D:1)
  5 hobgoblins (D:1)
  4 jackals (D:1)
  A quokka (D:2)
  3 ball pythons (D:1)
  A bat (D:1)
  A frilled lizard (D:1)
  5 kobolds
  6 rats (D:1)
41 creatures vanquished.

Notes
Turn   | Place    | Note
-------+----------+-------------------------------------------
     0 | D:1      | TacoSundae the Demonspawn Gladiator began the quest for the
                  | Orb.
     0 | D:1      | Reached XP level 1. HP: 16/16 MP: 1/1
    29 | D:1      | Reached skill level 3 in Long Blades
    57 | D:1      | Gained mutation: You regenerate magic rapidly. [demonic
                  | ancestry]
    57 | D:1      | Reached XP level 2. HP: 20/22 MP: 2/2
   269 | D:1      | Gained mutation: When hurt, damage is shared between your
                  | health and your magic reserves. [demonic ancestry]
   269 | D:1      | Reached XP level 3. HP: 27/27 MP: 3/3
   345 | D:1      | Reached skill level 4 in Long Blades
   588 | D:2      | Found Cusokk's Antique Armour Shoppe.
   638 | D:2      | Noticed Natasha
   651 | D:2      | Killed Natasha
   652 | D:2      | Reached XP level 4. HP: 25/33 MP: 4/4
   736 | D:2      | Noticed Natasha
   756 | D:2      | HP: 1/33 [Natasha (1)]
   758 | D:2      | Slain by a cerulean imp

Illustrated notes

Levels and vault maps discovered:
D:1:      kennysheep_arrival_seaside, layout_basic, minmay_distorted
D:2:      layout_basic, serial_shops, shop,
          shapermc_ecumenical_altar_starsandcircs, uniq_jessica, uniq_natasha

Skill      XL: |  1  2  3 |
---------------+----------+-----
Long Blades    | 3 4 |  4.6
Fighting       | |  2.0
Throwing       | |  1.7
Dodging        | |  2.6

Action                     |  1- 3 |  4- 6 || total
---------------------------+-------+-------++-------
  Melee: Long sword        |   109 |    19 ||   128
         Punch             |     1 |       ||     1
    Use: Potion            |       |     2 ||     2
 Armour: Leather armour    |    20 |       ||    20
         Ring mail         |    47 |    28 ||    75
  Dodge: Dodged            |    65 |    21 ||    86
